 Dungeon Crawl Stone Soup version 0.27-a0-650-g8dd3ea4f36 (webtiles) character file.

Game seed: 13433621185503141882

81 Anon1729 the Cudgeller (level 4, 0/38 HPs)
             Began as a Palentonga Warper on Mar 15, 2021.
             Slain by a leopard gecko (4 damage)
             ... on level 2 of the Dungeon.
             The game lasted 00:02:38 (2942 turns).

Anon1729 the Cudgeller (Palentonga Warper)          Turns: 2942, Time: 00:02:38

Health: 0/38       AC:  4    Str: 16    XL:     4   Next: 19%
Magic:  7/7        EV:  9    Int: 13    God:
Gold:   136        SH:  0    Dex:  9    Spells: 7/7 levels left

rFire    . . .     SeeInvis +   a - +0 mace
rCold    . . .     Faith    .   (no shield)
rNeg     . . .     Spirit   .   b - +0 leather armour
rPois    .         Reflect  .   (no helmet)
rElec    .         Harm     .   (no cloak)
rCorr    .         Rampage  .   (no gloves)
Will     .....                  (no barding)
Stlth    +.........             (no amulet)
HPRegen  0.12/turn              (no ring)
MPRegen  0.10/turn              (no ring)

@: no status effects
A: large, rugged brown scales 3, see invisible, deformed body, roll 1, armoured
tail
a: Rolling Charge


You were on level 2 of the Dungeon.
You visited 1 branch of the dungeon, and saw 3 of its levels.

You collected 136 gold pieces.

Inventory:

Hand Weapons
 a - a +0 mace (weapon)
Missiles
 e - 3 boomerangs of dispersal
Armour
 b - a +0 leather armour (worn)
Scrolls
 d - a scroll of blinking
 f - 5 scrolls of identify {unknown}
 g - a scroll of enchant armour {unknown}
 h - a scroll of random uselessness {unknown}
 j - a scroll of teleportation {unknown}
 k - a scroll of amnesia {unknown}
 m - a scroll of noise {unknown}
Potions
 c - a potion of degeneration {unknown}
 i - a potion of curing {unknown}
 l - a potion of heal wounds {unknown}


   Skills:
 - Level 2.0 Fighting
 + Level 4.3 Maces & Flails
 - Level 0.7 Throwing
 - Level 0.8 Armour
 - Level 1.6 Dodging
 - Level 2.0 Spellcasting
 - Level 3.0 Translocations


You had 7 spell levels left.
You didn't know any spells.
Your spell library contained the following spells:

 Spells                   Type           Power      Damage    Failure   Level
 Blink                    Tloc           N/A        N/A       14%         2
 Gell's Gravitas          Tloc           4%         N/A       26%         3
 Lesser Beckoning         Tloc           4%         N/A       26%         3
 Teleport Other           Tloc           9%         N/A       26%         3
 Manifold Assault         Tloc           9%         N/A       65%         4


Dungeon Overview and Level Annotations

Branches:
Dungeon (3/15)

Altars:


Innate Abilities, Weirdness & Mutations

You are completely covered in rugged brown scales. (AC +3, +7% HP)
You have supernaturally acute eyesight. (SInv)
Armour fits poorly on your strangely shaped body.
You can roll at nearby foes to attack.
You have a long armoured tail.


Message History

a quokka skeleton; a rat skeleton
There is a stone staircase leading up, spattered with blood here.
Things that are here:
a +0 club; a +0 dagger The leopard gecko barely misses you.
You climb upwards.
There is a stone staircase leading down here.
You barely miss the leopard gecko. The leopard gecko bites you. x2
* * * LOW HITPOINT WARNING * * *
You closely miss the leopard gecko.
The leopard gecko hisses menacingly.
The leopard gecko barely misses you.
You miss the leopard gecko. The leopard gecko closely misses you.
Okay, then.
You don't know any spells.
Unknown command.
You miss the leopard gecko.
The leopard gecko bites you but does no damage.
The leopard gecko bites you.
* * * LOW HITPOINT WARNING * * *
You hit the leopard gecko.
The leopard gecko is almost dead.
The leopard gecko bites you but does no damage.
You completely miss the leopard gecko.
The leopard gecko is almost dead.
The leopard gecko barely misses you. The leopard gecko bites you.
* * * LOW HITPOINT WARNING * * *
You barely miss the leopard gecko.
The leopard gecko is almost dead.
The leopard gecko bites you.
* * * LOW HITPOINT WARNING * * *
You closely miss the leopard gecko.
Your tail-slap misses the leopard gecko.
The leopard gecko is almost dead.
The leopard gecko bites you.
* * * LOW HITPOINT WARNING * * *
You miss the leopard gecko.
The leopard gecko is almost dead.
The leopard gecko bites you.
You die...

#.### #...# #.##.##.## #...#
#...# ##..)..>.#
####...#######...####.....).##
........................#.#.#####
........................#........
........................#[#.#####
.###....######...########.### .#
#....# #...# #.## #.###†#.# #..@#
#..# #....)..# ##..l### ##.#
.....#### #.....(# ##.######
###.## #....#.# #.......#
###.#########....#.# #..####.#
................##.######........
####.#.#.#.#..####.#......#####.#
#.#.#.......(......##..#####.#
#.#.....#.......#.###........#


You could see a leopard gecko.

Vanquished Creatures
  An adder (D:2)
  2 oozes (D:1)
  2 worms
  2 dart slugs
  2 leopard geckos (D:1)
  An orc (D:2)
  2 ball pythons (D:1)
  2 giant cockroaches
  7 goblins
  6 hobgoblins
  5 jackals
  2 kobolds (D:3)
  A quokka (D:3)
  6 bats
  A frilled lizard (D:1)
  4 rats
46 creatures vanquished.

Notes
Turn   | Place    | Note
-------+----------+-------------------------------------------
     0 | D:1      | Anon1729 the Palentonga Warper began the quest for the Orb.
     0 | D:1      | Reached XP level 1. HP: 18/18 MP: 3/3
   387 | D:1      | Reached XP level 2. HP: 20/25 MP: 5/5
   651 | D:1      | Reached skill level 3 in Maces & Flails
   989 | D:1      | Reached XP level 3. HP: 31/31 MP: 6/6
  2267 | D:2      | Reached skill level 4 in Maces & Flails
  2684 | D:2      | Reached XP level 4. HP: 32/38 MP: 7/7
  2942 | D:2      | Slain by a leopard gecko

Illustrated notes

Levels and vault maps discovered:
D:1:      ncdulo_lavacross, layout_loops_corners
D:2:      layout_loops_cross
D:3:      layout_loops_ring, grunt_ministairs_13, minmay_close_crescents,
          uniq_crazy_yiuf_cottage

Skill      XL: |  1  2  3 |
---------------+----------+-----
Maces & Flails | 3 4 |  4.3
Fighting       | |  2.0
Throwing       | |  0.7
Armour         | |  0.8
Dodging        | |  1.6
Spellcasting   | |  2.0
Translocations | |  3.0

Action                   |  1- 3 |  4- 6 || total
-------------------------+-------+-------++-------
Melee: Mace              |   146 |    30 ||   176
       Tailslap          |    10 |     1 ||    11
Throw: Boomerang         |     2 |       ||     2
 Abil: Rolling Charge    |     1 |       ||     1
Armor: Leather armour    |    67 |     7 ||    74
Dodge: Dodged            |    98 |    14 ||   112

Table legend: (Time is in decaauts)
 A = Elapsed time spent in this place.
 B = Non-inter-level travel time spent in this place.
 C = Inter-level travel time spent in this place.
 D = Time resting spent in this place.
 E = Time spent auto-exploring this place.
 F = Levels seen in this place.
 G = Mean time per level.
                   A        B        C        D        E       F      G
               +--------+--------+--------+--------+--------+-----+--------+
         Total |   2987 |   2948 |     39 |   1080 |   1442 |   3 |  995.7 |
       Dungeon |   2987 |   2948 |     39 |   1080 |   1442 |   3 |  995.7 |
               +--------+--------+--------+--------+--------+-----+--------+

Top non-repeatable levels by time:
     D:1: 1551 daAuts
     D:2: 1150 daAuts
     D:3: 286 daAuts
